 Dungeon Crawl Stone Soup version 0.19.0-11-g3fc08b3 (webtiles) character file.

199 Charly the Conjurer (level 5, -8/29 HPs)
             Began as a Tengu Wanderer on Nov 9, 2016.
             Mangled by a wyvern (15 damage)
             ... on level 8 of the Dungeon.
             The game lasted 00:19:29 (5437 turns).

Charly the Conjurer (Tengu Wanderer)                Turns: 5437, Time: 00:19:31

Health: -8/29      AC:  3    Str: 13    XL:     5   Next: 77%
Magic:  8/8        EV:  4    Int: 13    God:
Gold:   186        SH:  0    Dex: 13    Spells: 3 memorised, 1 level left

rFire  . . .     SeeInvis .     w - -1 dagger (curse)
rCold  . . .     Gourm    .     c - +0 robe
rNeg   . . .     Faith    .     (no shield)
rPois  .         Spirit   .     (helmet restricted)
rElec  .         Reflect  .     (no cloak)
rCorr  .         Harm     .     v - +0 pair of gloves
MR     .....                    (boots unavailable)
Stlth  +.........               (no amulet)
                                k - -2 ring of evasion (curse)
                                q - -5 ring of evasion (curse)

@: very slightly contaminated, repel missiles, invisible
A: beak, talons 3, able to fly 1
a: Fly


You were on level 8 of the Dungeon.
You were near starving.

You visited 1 branch of the dungeon, and saw 6 of its levels.

You collected 186 gold pieces.

Inventory:

Hand Weapons
 a - a +1 dagger of flaming
 w - a cursed -1 dagger (weapon)
Missiles
 m - 16 poisoned needles
Armour
 c - a +0 robe (worn)
 v - a +0 pair of gloves (worn)
Jewellery
 h - a +3 ring of dexterity
 i - an uncursed ring of see invisible
 k - a cursed -2 ring of evasion (right hand)
 q - a cursed -5 ring of evasion (left hand)
Potions
 d - a potion of flight
 g - a potion of brilliance
 n - a potion of curing
Books
 b - the Collected Works on Moulding

   Spells                             Type                      Level
   a - Beastly Appendage              Transmutation                1
   b - Ignite Poison                  Fire/Transmutation/Poison    3
 t - a book of Minor Magic

   Spells                             Type                      Level
   a - Magic Dart                     Conjuration                  1
   b - Blink                          Translocation                2
   c - Call Imp                       Summoning                    2
   d - Repel Missiles                 Charms/Air                   2
   e - Slow                           Hexes                        2
   f - Conjure Flame                  Conjuration/Fire             3
   g - Mephitic Cloud                 Conjuration/Poison/Air       3
Comestibles
 f - 7 bread rations
 j - a meat ration
 o - 2 slices of pizza
 p - a royal jelly
 r - 20 fruits
 u - a beef jerky


   Skills:
 - Level 1.0 Fighting
   Level 1.1 Crossbows
 - Level 1.1 Armour
   Level 1.0 Shields
 - Level 1.8 Spellcasting
 * Level 6.3 Conjurations
 - Level 1.0 Charms
 - Level 4.0 Air Magic
 + Level 1.0 Poison Magic
   Level 1.0 Evocations


You had one spell level left.
You knew the following spells:

 Your Spells              Type           Power        Failure   Level  Hunger
d - Magic Dart            Conj           ###.         1%          1    ##.....
m - Mephitic Cloud        Conj/Pois/Air  ##......     17%         3    ####...
r - Repel Missiles        Chrm/Air       #.....       17%         2    ###....


Dungeon Overview and Level Annotations

Branches:
Dungeon (8/15)
 Temple: D:4-7         Lair: D:8-11

Altars:

Annotations:
D:7 theElss's ghost, novice HECj


Innate Abilities, Weirdness & Mutations

You have a beak for a mouth.
You have claws for feet.
You can fly.


Message History

The wyvern hisses menacingly.
Okay, then.
You fade into invisibility!
The wyvern hisses menacingly.
You are very lightly contaminated with residual magic.
Okay, then.
The wyvern barely misses you. The wyvern barely misses you.
The wyvern barely misses you.
Found an escape hatch in the floor.
The wyvern bites you!!
Ouch! That really hurt!
* * * LOW HITPOINT WARNING * * *
You are near starving!
You feel much better. The wyvern bites you!!
Ouch! That really hurt!
* * * LOW HITPOINT WARNING * * *
The wyvern bites you!
Ouch! That really hurt!
You die...

### ########### #####
##.#
.8.8......#####.#.###...
............##§§§.......
.8.........##..§§#...<..
..#.........#..§§##.....
.......@l...#..§.###....
...>.............# ##...
.................# ##..
..............#..# ##.
#.............#..# ##
.............##...# #
.............##...#
.............##....
.........#.....


You could see a wyvern.

Vanquished Creatures
  An orc wizard (D:3)
  A gnoll (D:4)
  7 adders
  An ooze (D:3)
  An adder zombie (D:7)
  A worm (D:3)
  4 dart slugs
  2 leopard geckos
  5 orcs
  4 giant cockroaches
  8 goblins
  7 hobgoblins
  A jackal (D:4)
  7 kobolds
  2 quokkas (D:3)
  7 bats
  2 frilled lizards (D:2)
  15 rats
76 creatures vanquished.

Notes
Turn   | Place    | Note
-------+----------+-------------------------------------------
     0 | D:1      | Charly the Tengu Wanderer began the quest for the Orb.
     0 | D:1      | Charly set off with: a book of Minor Magic, the Collected Works on Moulding, a +0 robe, a +0 dagger, a bread ration
     0 | D:1      | Reached XP level 1. HP: 12/12 MP: 3/3
     0 | D:1      | Identified the Collected Works on Moulding
     2 | D:1      | Learned a level 1 spell: Magic Dart
    87 | D:1      | Reached skill level 1 in Conjurations
   245 | D:1      | Reached skill level 2 in Conjurations
   245 | D:1      | Reached XP level 2. HP: 16/16 MP: 0/4
   701 | D:1      | Learned a level 2 spell: Repel Missiles
   810 | D:1      | Reached skill level 3 in Conjurations
  1210 | D:1      | Reached XP level 3. HP: 20/20 MP: 0/5
  1729 | D:2      | Reached skill level 4 in Conjurations
  1967 | D:2      | Reached XP level 4. HP: 25/25 MP: 1/6
  2853 | D:3      | Reached skill level 5 in Conjurations
  3879 | D:3      | Gained mutation: You can fly. [Tengu growth]
  3879 | D:3      | Reached XP level 5. HP: 29/29 MP: 4/8
  4217 | D:3      | Learned a level 3 spell: Mephitic Cloud
  4483 | D:3      | Reached skill level 6 in Conjurations
  4900 | D:4      | You fall through a shaft for 3 floors!
  5069 | D:7      | Noticed a centaur
  5091 | D:7      | Reached skill level 1 in Poison Magic
  5243 | D:7      | Noticed theElss's ghost (novice HECj)
  5397 | D:8      | Noticed a wyvern
  5437 | D:8      | Mangled by a wyvern

Skill      XL: |  1  2  3  4  5 |
---------------+----------------+-----
Conjurations   | 2 3 4 5 6 |  6.3
Poison Magic   | 1 |  1.0
Fighting       | |  1.0
Crossbows      | |  1.1
Armour         | |  1.1
Shields        | |  1.0
Spellcasting   | |  1.8
Charms         | |  1.0
Air Magic      | |  4.0
Evocations     | |  1.0

Action                   |  1- 3 |  4- 6 || total
-------------------------+-------+-------++-------
Melee: Dagger            |    10 |     3 ||    13
       Kick              |     5 |     1 ||     6
       Peck              |     2 |       ||     2
 Cast: Magic Dart        |    83 |   141 ||   224
       Repel Missiles    |     1 |       ||     1
       Mephitic Cloud    |       |     1 ||     1
  Use: Scroll            |     4 |     8 ||    12
       Potion            |       |     3 ||     3
  Eat: Chunk             |     6 |    14 ||    20
Armor: Robe              |     4 |    15 ||    19
       Skin              |       |     1 ||     1
Dodge: Dodged            |     8 |    13 ||    21
